 Dungeon Crawl Stone Soup version 0.27.1-2-g3b301248ec (webtiles) character file.

Game seed: 2563568396764372905

964 DoubleLucky the Summoner (level 8, -3/48 HPs)
             Began as a Tengu Summoner on Sept 27, 2021.
             Was an Initiate of Vehumet.
             Shot with an arrow by a centaur (10 damage)
             ... on level 7 of the Dungeon.
             The game lasted 00:41:09 (8025 turns).

DoubleLucky the Summoner (Tengu Summoner)           Turns: 8025, Time: 00:41:09

Health: -3/48      AC:  5    Str: 15    XL:     8   Next: 15%
Magic:  12/21      EV: 14    Int: 16    God:    Vehumet [......]
Gold:   219        SH:  0    Dex: 16    Spells: 2/11 levels left

rFire    . . .     SeeInvis .   r - +1 spear (pain)
rCold    . . .     Faith    .   (no shield)
rNeg     . . .     Spirit   .   k - +0 leather armour
rPois    .         Reflect  .   (helmet restricted)
rElec    .         Harm     .   (no cloak)
rCorr    .         Rampage  .   t - +1 pair of gloves
Will     .....                  (boots unavailable)
Stlth    ++........             (no amulet)
HPRegen  0.16/turn              m - +6 ring of strength
MPRegen  0.17/turn              w - ring of magical power

@: flying quickly and evasively, quick
A: beak, talons 3, nimble flight
a: Renounce Religion


You were on level 7 of the Dungeon.
You worshipped Vehumet.
Vehumet was noncommittal.
You visited 2 branches of the dungeon, and saw 8 of its levels.

You collected 243 gold pieces.
You spent 24 gold pieces at shops.

Inventory:

Hand Weapons
 b - a +0 dagger
 r - a +1 spear of pain (weapon)
Missiles
 n - 3 poisoned darts (quivered)
 y - a throwing net
Armour
 a - a +0 robe
 k - a +0 leather armour (worn)
 s - a +1 robe of resistance
 t - a +1 pair of gloves (worn)
Jewellery
 c - an amulet of faith
 m - a +6 ring of strength (left hand)
 q - a ring of fire
 w - a ring of magical power (right hand)
Wands
 i - a wand of flame (17)
 x - a wand of polymorph (13)
Scrolls
 e - a scroll of noise {unknown}
 f - 2 scrolls of enchant weapon
 h - a scroll of holy word {unknown}
 j - a scroll of fog {unknown}
 p - a scroll of teleportation {unknown}
 A - a scroll of fear {unknown}
Potions
 d - a potion of invisibility {unknown}
 g - 2 potions of curing {unknown}
 l - a potion of attraction {unknown}
 o - 2 potions of haste {unknown}
 u - a potion of lignification {unknown}
 v - a potion of heal wounds {unknown}
 z - a potion of mutation {unknown}


   Skills:
 - Level 4.0 Fighting
 - Level 5.1 Polearms
 * Level 1.9 Armour
 - Level 2.1 Dodging
 - Level 2.0 Stealth
 - Level 2.0 Spellcasting
 + Level 0.7 Hexes
 - Level 12.0 Summonings


You had 2 spell levels left.
You knew the following spells:

 Your Spells              Type           Power      Damage    Failure   Level
a - Summon Small Mammal   Summ           100%       N/A       1%          1
b - Call Imp              Summ           40%        N/A       1%          2
c - Call Canine Familiar  Summ           40%        N/A       1%          3
d - Summon Guardian Gole  Hex/Summ       21%        N/A       5%          3

Your spell library contained the following spells:

 Spells                   Type           Power      Damage    Failure   Level
 Ensorcelled Hibernation  Hex/Ice        4%         N/A       32%         2
 Corpse Rot               Necr/Air       N/A        N/A       36%         2
 Poisonous Vapours        Pois/Air       2%         N/A       36%         2
 Summon Lightning Spire   Summ/Air       20%        N/A       22%         4
 Shadow Creatures         Summ           N/A        N/A       28%         6
 Spider Form              Tmut/Pois      0%         N/A       58%         3
 Freezing Cloud           Conj/Ice/Air   0%         6-21      100%        5


Dungeon Overview and Level Annotations

Branches:
Dungeon (7/15)             Temple (1/1) D:6

Altars:
Ashenzari
Cheibriados
Dithmenos
Elyvilon
Fedhas
Gozag
Hepliaklqana
Kikubaaqudgha
Makhleb
Nemelex Xobeh
Okawaru
Qazlal
Ru
Sif Muna
Trog
Uskayaw
Vehumet
Wu Jian
Xom
Yredelemnul
Zin
The Shining One

Shops:
D:1 [?   D:3 *(

Annotations:
D:3 1 runed translucent door, exclusion: downstairs, Crazy Yiuf
D:4 exclusion: downstairs


Innate Abilities, Weirdness & Mutations

You have a beak for a mouth.
You have claws for feet.
Your magical nature lets you fly swiftly and evasively.


Message History

Press: ? - help, Dir - move target, f - centaur
Aim: a centaur, wielding a +0 shortbow and quivering arrows (ally target) Attack!
Your wolf bites the centaur.
The centaur shoots an arrow.
The arrow barely misses your wolf. The arrow hits you!
Your wolf barely misses the centaur.
You are too injured to fight recklessly!
You are too injured to fight recklessly!
You are too injured to fight recklessly!
Press: ? - help, v - describe, . - travel
Here: a centaur, wielding a +0 shortbow and quivering arrows (lightly wounded, ally target)
The floor.
A centaur is nearby!
Reach: r) +1 spear (pain)
Press: ? - help, Dir - move target, f/p - centaur
Aim: a centaur, wielding a +0 shortbow and quivering arrows (lightly wounded, ally target, about 24% to evade your +1 spear of pain)
You reach to attack!
You hit the centaur.
The centaur is moderately wounded.
The centaur shoots an arrow.
The arrow hits your wolf!
Your wolf dies!
Your wolf's corpse disappears in a puff of smoke!
The centaur shoots an arrow.
The arrow hits you!
* * * LOW HITPOINT WARNING * * *
You swap places.
The centaur shoots an arrow.
The arrow hits your crimson imp!
Your crimson imp dies!
You swap places.
The centaur shoots an arrow.
The arrow hits your rat!
Your rat dies!
Your rat's corpse disappears in a puff of smoke!
Casting: Summon Small Mammal (safe; 1% risk of failure)
Confirm with . or Enter, or press ? or * to list all spells.
The centaur shoots an arrow.
The arrow misses your wolf. The arrow hits you.
* * * LOW HITPOINT WARNING * * *
The centaur shoots an arrow.
The arrow completely misses your wolf. The arrow hits you.
* * * LOW HITPOINT WARNING * * *
Your crimson imp closely misses the centaur.
The centaur shoots an arrow.
The arrow closely misses your wolf. The arrow closely misses you.
Your wolf barely misses the centaur.
The centaur shoots an arrow.
The arrow misses your wolf. The arrow hits you!
You die...

#. .# #. .# #. .#
### #c#. #.. #...
#.# #..# #.######
##.c######.##...#
#..5h....@......#
#.(.######>##...#
#[..# #.###.##
#...# #.# #.#
#.#.# #.# #.#
..#.# #.# #.#
####.# #.# #.#
... #.# #.# #.#


You could see a centaur (ally target), a friendly wolf (summoned) and a friendly
crimson imp (summoned).

Vanquished Creatures
  A bullfrog (D:6)
  An adder (D:6)
  A white imp (D:6)
  2 orcs
  An endoplasm (D:2)
  2 bats
  A rat (D:1)
9 creatures vanquished.

Vanquished Creatures (collateral kills)
  A necrophage (D:5)
  2 ice beasts
  2 centaurs
  2 ogres
  A phantom (D:5)
  A water moccasin skeleton (D:5)
  A howler monkey (D:5)
  5 wights
  An electric eel (D:6)
  2 hounds (D:5)
  A jelly (D:6)
  2 centaur skeletons
  An orc priest (D:6)
  A gnoll shaman (D:6)
  3 orc wizards
  3 iguanas
  A hound skeleton (D:4)
  5 gnolls (D:6)
  5 adders
  2 white imps (D:6)
  An adder zombie (D:5)
  A worm (D:4)
  11 dart slugs
  13 orcs
  9 endoplasms
  4 giant cockroaches
  4 goblins
  3 hobgoblins
  2 quokkas
  9 ball pythons
  A bat (D:1)
  4 frilled lizards
  6 kobolds
  6 rats
116 creatures vanquished.

Vanquished Creatures (others)
  A water moccasin (D:5)
1 creature vanquished.

Grand Total: 126 creatures vanquished

Notes
Turn   | Place    | Note
-------+----------+-------------------------------------------
     0 | D:1      | DoubleLucky the Tengu Summoner began the quest for the Orb.
     0 | D:1      | Reached XP level 1. HP: 10/10 MP: 4/4
    25 | D:1      | Found Gisof's Antique Armour Boutique.
    36 | D:1      | Reached skill level 5 in Summonings
   247 | D:1      | Reached XP level 2. HP: 15/15 MP: 3/6
   468 | D:1      | Found Qelaesiz's Magic Scroll Shop.
   512 | D:1      | Bought a scroll of identify for 24 gold pieces
  1116 | D:2      | Learned a level 2 spell: Call Imp
  1224 | D:2      | Found a faded altar of an unknown god.
  1249 | D:2      | Reached skill level 12 in Summonings
  1249 | D:2      | Reached XP level 3. HP: 19/19 MP: 4/7
  1254 | D:2      | Learned a level 3 spell: Call Canine Familiar
  1591 | D:2      | Reached XP level 4. HP: 24/24 MP: 4/8
  2010 | D:3      | Found Qos Sass's Assorted Antiques.
  2138 | D:3      | Found Bekatis's Antique Weapon Shoppe.
  2241 | D:3      | Found a runed translucent door.
  2242 | D:3      | Noticed Crazy Yiuf
  2515 | D:4      | Noticed a centaur
  2637 | D:4      | Reached skill level 1 in Fighting
  2638 | D:4      | Killed a centaur
  2639 | D:4      | Gained mutation: Your magical nature lets you fly swiftly
                  | and evasively. [Tengu growth]
  2639 | D:4      | Reached XP level 5. HP: 20/30 MP: 3/9
  2879 | D:3      | Reached XP level 6. HP: 34/36 MP: 1/10
  3534 | D:4      | Learned a level 3 spell: Summon Guardian Golem
  3540 | D:5      | Entered Level 5 of the Dungeon
  3542 | D:5      | Noticed an ice beast
  3582 | D:5      | Killed a water moccasin
  3687 | D:5      | Reached skill level 1 in Polearms
  3905 | D:5      | Noticed a necrophage
  3946 | D:5      | Reached XP level 7. HP: 43/43 MP: 1/11
  5103 | D:6      | Found a staircase to the Ecumenical Temple.
  5179 | Temple   | Entered the Ecumenical Temple
  5352 | Temple   | Became a worshipper of Vehumet
  6014 | D:6      | Found a sparkling altar of Nemelex Xobeh.
  6075 | D:6      | Reached skill level 5 in Polearms
  6298 | D:6      | Reached XP level 8. HP: 34/48 MP: 12/12
  6824 | D:6      | Reached skill level 1 in Armour
  7151 | D:6      | Found a hide-covered altar of Uskayaw.
  8025 | D:7      | Shot with an arrow by a centaur

Illustrated notes

Levels and vault maps discovered:
D:1:      lemuel_arrival_broad_hall, layout_basic, serial_shops, shop, shop,
          corner_web_ring, chequers_serial_rivers_large_b
D:2:      layout_loops_cross, hellmonk_ecumenical_altar_lost_god
D:3:      layout_rooms, serial_shops, shop_fountains, nicolae_shop_waterfront,
          chequers_serial_rivers_large_a, uniq_crazy_yiuf_cottage
D:4:      layout_rooms
D:5:      layout_basic, serial_curves, eino_curves_03, eino_curves_01,
          lemuel_flamethrower_2
D:6:      kennysheep_slugbush, layout_gridville,
          mainiacjoe_overflow_catch_the_wave, minmay_temple_entry_slanted
D:7:      wander_river, layout_loops_ring
Temple:   regret_index_temple_chain_breaker

Skill      XL: |  1  2  3  4  5  6  7  8 |
---------------+-------------------------+-----
Summonings     | 5 12 | 12.0
Fighting       | 1 2 4 |  4.0
Polearms       | 1 5 |  5.1
Armour         | 1 |  1.9
Dodging        | |  2.1
Stealth        | |  2.0
Spellcasting   | |  2.0
Hexes          | |  0.7

Action                   |  1- 3 |  4- 6 |  7- 9 || total
-------------------------+-------+-------+-------++-------
Melee: Unarmed           |     5 |       |       ||     5
       Kick              |     3 |     3 |     5 ||    11
       Peck              |     1 |     4 |     2 ||     7
       Dagger            |     3 |     3 |       ||     6
       Spear             |       |    14 |    27 ||    41
 Cast: Summon Small Mamm |    51 |    38 |    43 ||   132
       Call Imp          |     5 |    14 |    42 ||    61
       Call Canine Famil |       |    14 |    27 ||    41
  Use: Scroll            |     2 |       |     1 ||     3
       Potion            |     1 |       |       ||     1
 Stab: Distracted        |       |       |     1 ||     1
Armor: Robe              |     6 |       |       ||     6
       Leather armour    |       |    10 |     5 ||    15
Dodge: Dodged            |    15 |    34 |    12 ||    61
